Map: Undercurrent LE

Players

Ekelpack - Winner!

  • Race: Zerg Zerg
  • Spawn Location: 7:00

Nyck - Winner!

  • Race: Terran Terran
  • Spawn Location: 7:00

astrolog

  • Race: Zerg Zerg
  • League: Platinum
  • Spawn Location: 3:00

Rexeth

  • Race: Zerg Zerg
  • League: Platinum
  • Spawn Location: 1:00

VOD

Have the link to the VOD?

Description

Time

  • Played on: Jan. 1, 2025, 12:53 p.m.
  • Length: 1:51
Show
View Real Time Build Order
Export as new Build Order

Ekelpack Zerg - Winner!

Build Orders: Hatch First 

Get SALT Encoding   

  12  0:00  Drone  
  13  0:13  Overlord  
  13  0:17  Drone  
  14  0:31  Drone  
  15  0:46  Hatchery  
  15  0:48  Drone  
  15  1:03  Spawning Pool  
  14  1:06  Drone  
  15  1:12  Drone, Extractor  
Show
View Real Time Build Order
Export as new Build Order

Nyck Terran - Winner!

Build Orders:  

Get SALT Encoding   

  12  0:00  SCV  
  13  0:12  SCV  
  14  0:21  Supply Depot  
  14  0:25  SCV  
  15  0:43  SCV  
  15  0:45  Barracks  
  15  0:48  Refinery  
  16  0:52  Refinery  
  16  0:56  SCV  
  17  1:08  SCV  
  18  1:42  Supply Depot  
Show
View Real Time Build Order
Export as new Build Order

astrolog Zerg 

Build Orders: Pool Only 

Get SALT Encoding   

  12  0:01  Drone  
  13  0:23  Spawning Pool  
  12  1:22  Spine Crawler  
  12  1:23  Spine Crawler x2  
  9  1:31  Spore Crawler  
Show
View Real Time Build Order
Export as new Build Order

Rexeth Zerg 

Build Orders: Pool Only 

Get SALT Encoding   

  12  0:18  Spawning Pool  
  11  1:09  Zergling x4  
  13  1:27  Spine Crawler  
  13  1:28  Spine Crawler  
  13  1:30  Spine Crawler  
Tags
 
Add a new tag
Caveats
  • Supply blocks, unpowered buildings, or Contaminate may cause inaccurate times.
  • Supply counts are checked every 10 seconds.